 Dungeon Crawl Stone Soup version 0.27-a0-32-g443bf2d2ca (webtiles) character file.

Game seed: 13013447301634260199

571 DocSulfur the Ruffian (level 7, 57/57 HPs)
             Began as a Black Draconian Transmuter on Jan 4, 2021.
             Quit the game on level 3 of the Dungeon.
             The game lasted 00:10:10 (4510 turns).

DocSulfur the Ruffian (Black Draconian Transmuter)  Turns: 4510, Time: 00:10:11

Health: 57/57      AC:  7    Str: 14    XL:     7   Next: 11%
Magic:  21/21      EV: 12    Int: 13    God:
Gold:   176        SH:  0    Dex: 12    Spells: 9/12 levels left

rFire    . . .     SeeInvis .     - Unarmed
rCold    . . .     Faith    .   (no shield)
rNeg     . . .     Spirit   .   (armour unavailable)
rPois    .         Reflect  .   (helmet restricted)
rElec    +         Harm     .   (no cloak)
rCorr    .         Rampage  .   j - +0 pair of gloves
Will     .....                  (no boots)
Stlth    +.........             (no amulet)
HPRegen  0.19/turn              g - ring of magical power
MPRegen  0.17/turn              (no ring)

@: no status effects
A: breathe lightning, unfitting armour, electricity resistance, cold-blooded, AC
+6
a: Breathe Lightning


You were on level 3 of the Dungeon.
You visited 1 branch of the dungeon, and saw 3 of its levels.

You collected 176 gold pieces.

Inventory:

Hand Weapons
 h - a +3 vorpal hunting sling
Missiles
 e - 16 poisoned darts
 k - 194 stones
 l - 61 sling bullets
Armour
 j - a +0 pair of gloves (worn)
Jewellery
 g - a ring of magical power (left hand)
 o - an uncursed ring of stealth {unknown}
 p - an uncursed ring of flight {unknown}
Wands
 a - a wand of disintegration (3)
 m - a wand of flame (17)
Scrolls
 b - 3 scrolls of identify
 c - a scroll of amnesia
 d - 2 scrolls of fear
 f - 2 scrolls of enchant weapon
 i - a scroll of magic mapping
 q - a scroll of teleportation {unknown}
Potions
 n - a potion of invisibility {unknown}


   Skills:
 + Level 3.3 Fighting
 - Level 1.7 Dodging
 * Level 5.3 Unarmed Combat
 + Level 3.4 Spellcasting
 * Level 4.7 Transmutations


You had 9 spell levels left.
You knew the following spells:

 Your Spells              Type           Power        Failure   Level
a - Beastly Appendage     Tmut           28%          3%          1
b - Wereblood             Tmut           14%          4%          2

Your spell library contained the following spells:

 Spells                   Type           Power        Failure   Level
 Spider Form              Tmut/Pois      4%           26%         3
 Ice Form                 Ice/Tmut       8%           63%         4
 Blade Hands              Tmut           7%           65%         5


Dungeon Overview and Level Annotations

Branches:
Dungeon (3/15)

Altars:
Fedhas
Okawaru
Ru

Annotations:
D:3 1 runed translucent door, Crazy Yiuf


Innate Abilities, Weirdness & Mutations

You can breathe wild blasts of lightning.
Your glossy black scales are hard. (AC +6)
You cannot fit into any form of body armour.
You are resistant to electric shocks. (rElec)
You are cold-blooded and may be slowed by cold attacks.


Message History

Evoke which item? (* to show all) (? for menu, Esc to quit)
Aiming: Disintegrate
Press: ? - help, Shift-Dir - straight line, f/p - Grinder
Aim: Grinder (severely wounded, chance to affect: 65%) Grinder is blasted!
You blow up Grinder!
Your Unarmed Combat skill increases to level 5!
You have reached level 7!
Your scales start taking on a glossy black colour.
You learn Air Magic much quicker.
You learn Earth Magic much slower.
You can breathe wild blasts of lightning.
You feel insulated.
You extend your transformation's duration.
Your transformation is almost over.
Your horns disappear.
Your talons disappear.
Found a faded altar of an unknown god.
q - a scroll labelled PENULEOMIGI
b - 3 scrolls of identify (gained 1)
Found a stone staircase leading down.
Are you sure you want to abandon this character and quit the game? (Confirm with "yes".)

..## ..####....#...##..# ###.
...# ...............)..#####...
...########################....##
........>.##. ###.####
##........##.# ######...#
########## ..> ##......###
##.####..###### #..$#...##
#...@.### #...### ####


There were no monsters in sight!

Vanquished Creatures
  Grinder (D:3)
  Sigmund (D:2)
  An orc priest (D:3)
  Natasha (thrice) (D:2)
  An adder (D:2)
  An ooze (D:1)
  3 worms (D:2)
  A dart slug (D:2)
  4 leopard geckos
  5 orcs (D:3)
  5 giant cockroaches
  12 goblins
  12 hobgoblins
  4 jackals
  3 quokkas
  8 bats
  5 frilled lizards
  16 kobolds
  7 rats
93 creatures vanquished.

Notes
Turn   | Place    | Note
-------+----------+-------------------------------------------
     0 | D:1      | DocSulfur the Draconian Transmuter began the quest for the
                  | Orb.
     0 | D:1      | Reached XP level 1. HP: 16/16 MP: 3/3
   193 | D:1      | Reached XP level 2. HP: 23/23 MP: 3/5
   572 | D:1      | Reached XP level 3. HP: 27/28 MP: 4/6
   854 | D:1      | Learned a level 2 spell: Wereblood
  1391 | D:2      | Noticed Sigmund
  1542 | D:2      | Reached XP level 4. HP: 28/36 MP: 7/7
  1684 | D:2      | Killed Sigmund
  1685 | D:2      | Reached skill level 4 in Unarmed Combat
  1685 | D:2      | Reached XP level 5. HP: 36/42 MP: 9/9
  1956 | D:2      | Noticed Natasha
  1960 | D:2      | Killed Natasha
  2138 | D:2      | Reached XP level 6. HP: 49/50 MP: 10/10
  2493 | D:2      | Found a sacrificial altar of Ru.
  2493 | D:2      | Found an iron altar of Okawaru.
  3161 | D:2      | Noticed Natasha
  3171 | D:2      | Killed Natasha
  3324 | D:2      | Noticed Natasha
  3540 | D:2      | Killed Natasha
  3723 | D:3      | Found a blossoming altar of Fedhas.
  3853 | D:3      | Found a runed translucent door.
  3854 | D:3      | Noticed Crazy Yiuf
  4421 | D:3      | Noticed Grinder
  4427 | D:3      | Killed Grinder
  4428 | D:3      | Reached skill level 5 in Unarmed Combat
  4428 | D:3      | Your scales start taking on a glossy black colour.
  4428 | D:3      | Reached XP level 7. HP: 57/57 MP: 12/12
  4428 | D:3      | Gained mutation: You are resistant to electric shocks.
                  | (rElec) [Black Draconian growth]
  4472 | D:3      | Found a faded altar of an unknown god.
  4510 | D:3      | Quit the game

Illustrated notes

Levels and vault maps discovered:
D:1:      dpeg_arrival_fog, layout_basic, hangedman_decor_push, moated_statue,
          minmay_close_crescents
D:2:      layout_loops_ring, gammafunk_temple_overflow_wave,
          serial_co_window_serial, co_window_corner_a, co_window_paths_b,
          co_window_corner_a, co_window_of_opportunity_a, co_window_paths_a,
          co_window_paths_b, co_window_broadway_a, co_window_of_opportunity_b,
          co_window_corner_cb, co_window_broadway_c, co_window_corner_b,
          co_window_paths_d, glass_columns_c, bh_walls_and_bars, uniq_natasha,
          uniq_sigmund
D:3:      minmay_recursive_quarters, layout_rooms,
          chequers_temple_overflow_statue_of_worship,
          chequers_ecumenical_altar_simple_redux, fedhas_altar_2, uniq_grinder,
          uniq_crazy_yiuf_cottage

Skill      XL: |  1  2  3  4  5  6 |
---------------+-------------------+-----
Fighting       | 2 3 |  3.3
Unarmed Combat | 4 5 |  5.3
Transmutations | 3 4 |  4.7
Spellcasting   | 3 |  3.4
Dodging        | |  1.7

Action                   |  1- 3 |  4- 6 |  7- 9 || total
-------------------------+-------+-------+-------++-------
Melee: Unarmed           |   136 |   125 |       ||   261
       Tailslap          |     8 |    14 |       ||    22
       Headbutt          |     4 |    10 |       ||    14
       Punch             |     1 |       |       ||     1
       Kick              |    14 |    25 |       ||    39
 Cast: Beastly Appendage |    20 |    20 |     1 ||    41
       Wereblood         |       |     1 |       ||     1
Evoke: Wand              |       |     7 |       ||     7
  Use: Scroll            |     4 |     3 |       ||     7
       Potion            |     1 |       |       ||     1
 Stab: Distracted        |     1 |     1 |       ||     2
       Sleeping          |     2 |       |       ||     2
Armor: Skin              |    47 |    39 |       ||    86
Dodge: Dodged            |    92 |   102 |       ||   194

Table legend: (Time is in decaauts)
 A = Elapsed time spent in this place.
 B = Non-inter-level travel time spent in this place.
 C = Inter-level travel time spent in this place.
 D = Time resting spent in this place.
 E = Time spent auto-exploring this place.
 F = Levels seen in this place.
 G = Mean time per level.
                   A        B        C        D        E       F      G
               +--------+--------+--------+--------+--------+-----+--------+
         Total |   4514 |   3922 |    592 |      0 |   3108 |   3 | 1504.7 |
       Dungeon |   4514 |   3922 |    592 |      0 |   3108 |   3 | 1504.7 |
               +--------+--------+--------+--------+--------+-----+--------+

Top non-repeatable levels by time:
     D:2: 2596 daAuts
     D:1: 1137 daAuts
     D:3: 781 daAuts
